 Dungeon Crawl Stone Soup version 0.23.2-40-g277498a001 (webtiles) character file.

Game seed: 1270934746235082128

242 Acheron the Chopper (level 6, 0/37 HPs)
             Began as a Gargoyle Gladiator on Sept 20, 2019.
             Slain by a scorpion (5 damage)
             ... on level 4 of the Dungeon.
             The game lasted 00:11:05 (2471 turns).

Acheron the Chopper (Gargoyle Gladiator)            Turns: 2471, Time: 00:11:06

Health: 0/37       AC: 11    Str: 18    XL:     6   Next: 9%
Magic:  8/8        EV: 11    Int:  8    God:
Gold:   253        SH:  0    Dex: 13    Spells: 7/7 levels left

rFire    . . .     SeeInvis .   a - +0 war axe
rCold    . . .     Gourm    .   (no shield)
rNeg     + . .     Faith    .   y - +0 scale mail
rPois    ∞         Spirit   .   c - +0 helmet
rElec    +         Reflect  .   (no cloak)
rCorr    .         Harm     .   (no gloves)
MR       .....                  (no boots)
Stlth    +.........             (no amulet)
HPRegen  0.12/turn              (no ring)
MPRegen  0.11/turn              (no ring)

@: no status effects
A: negative energy resistance 1, electricity resistance, unbreathing,
petrification resistance, rot immunity, AC +4
a: no special abilities


You were on level 4 of the Dungeon.
You were hungry.

You visited 1 branch of the dungeon, and saw 6 of its levels.

You collected 253 gold pieces.

Inventory:

Hand Weapons
 a - a +0 war axe (weapon)
 b - a +0 hunting sling
 l - a +1 dagger of speed
 A - a +0 blowgun
Missiles
 d - 3 throwing nets (quivered)
 e - 43 poisoned needles
 i - 48 stones
 j - 35 sling bullets
Armour
 c - a +0 helmet (worn)
 n - a +0 ring mail
 y - a +0 scale mail (worn)
Jewellery
 g - a cursed ring of stealth {unknown}
 o - an uncursed ring of protection from magic {unknown}
 q - an uncursed ring of magical power {unknown}
 x - an uncursed ring of resist corrosion {unknown}
Wands
 r - a wand of disintegration (21)
Scrolls
 h - 7 scrolls of magic mapping {unknown}
 k - 2 scrolls of identify {unknown}
 p - a scroll of remove curse {unknown}
 t - a scroll of amnesia {unknown}
 v - a scroll of enchant armour {unknown}
 D - a scroll of teleportation {unknown}
Potions
 m - 2 potions of curing
 s - a potion of might {unknown}
 u - a potion of haste {unknown}
 w - a potion of brilliance {unknown}
 z - a potion of agility {unknown}
 B - a potion of lignification {unknown}
Comestibles
 f - 5 rations
 C - 4 chunks of flesh


   Skills:
 * Level 3.2 Fighting
 + Level 3.9 Axes
 + Level 2.0 Throwing
 * Level 1.7 Armour
 * Level 3.0 Dodging
 * Level 2.1 Stealth
 * Level 1.3 Spellcasting
 * Level 1.0 Evocations


You had 7 spell levels left.
You didn't know any spells.
Your spell library was empty.

Dungeon Overview and Level Annotations

Branches:
Dungeon (6/15)
 Temple: D:4-7

Altars:

Annotations:
D:4 Pikel


Innate Abilities, Weirdness & Mutations

You are resistant to torment.
Your stone body is resilient. (AC +4)
You are immune to poison.
You resist negative energy. (rN+)
You are resistant to electric shocks. (rElec)
You can survive without breathing.
You are immune to petrification.
You are immune to rotting.


Message History

You barely miss the scorpion.
The scorpion is moderately wounded.
You hit the scorpion.
The scorpion stings you but does no damage.
The scorpion stings you.
* * * LOW HITPOINT WARNING * * *
Unknown command.
The giant cockroach misses you.
There is a stone staircase leading up here.
The scorpion stings you.
* * * LOW HITPOINT WARNING * * *
The scorpion stings you but does no damage.
The giant cockroach barely misses you.
The crimson imp blinks!
You climb upwards.
Level annotation: Pikel The slave closely misses you. x2
There is a stone staircase leading down here.
The scorpion stings you but does no damage.
The scorpion stings you.
You die...

.# Z# #### .#
#..#####.#####.
##...........pK
#.p.....###....
#######>s.....#
#
>.....ss......#
.##....@...<..#
#......######
##.#.### ...#.
.... .. ###.###


You could see a slave, 2 scorpions and a giant cockroach.

Vanquished Creatures
  A slave (D:6)
  A crimson imp (D:5)
  A hound (D:6)
  A centaur skeleton (D:4)
  A hound zombie (D:5)
  Robin (D:2)
  3 adders (D:3)
  3 worms
  2 dart slugs (D:1)
  2 leopard geckos (D:1)
  5 orcs (D:3)
  2 giant cockroaches
  15 goblins
  8 hobgoblins
  4 jackals (D:5)
  7 kobolds
  A quokka (D:3)
  2 ball pythons
  10 bats
  3 frilled lizards
  10 rats
83 creatures vanquished.

Notes
Turn   | Place    | Note
-------+----------+-------------------------------------------
     0 | D:1      | Acheron the Gargoyle Gladiator began the quest for the Orb.
     0 | D:1      | Reached XP level 1. HP: 12/12 MP: 1/1
    58 | D:1      | Reached XP level 2. HP: 12/17 MP: 2/2
   438 | D:2      | Reached XP level 3. HP: 22/22 MP: 3/3
   496 | D:2      | Noticed Robin
   507 | D:2      | Reached skill level 1 in Stealth
   539 | D:2      | Killed Robin
   839 | D:2      | Reached XP level 4. HP: 15/27 MP: 5/5
  1450 | D:3      | Reached skill level 1 in Armour
  1535 | D:3      | You fall through a shaft for 2 floors!
  1535 | D:5      | Entered Level 5 of the Dungeon
  1554 | D:4      | Noticed a phantom
  1720 | D:3      | Reached skill level 1 in Spellcasting
  1949 | D:3      | Reached XP level 5. HP: 32/32 MP: 6/6
  2163 | D:4      | Noticed a slave
  2163 | D:4      | Noticed a slave
  2163 | D:4      | Noticed a slave
  2163 | D:4      | Noticed a slave
  2164 | D:4      | Noticed Pikel
  2206 | D:6      | Killed a slave
  2266 | D:5      | Reached skill level 1 in Evocations
  2411 | D:5      | Reached XP level 6. HP: 26/37 MP: 7/7
  2471 | D:4      | Slain by a scorpion

Skill      XL: |  1  2  3  4  5  6 |
---------------+-------------------+-----
Axes           | 3 |  3.9
Stealth        | 1 2 |  2.1
Throwing       | 2 |  2.0
Armour         | 1 |  1.7
Spellcasting   | 1 |  1.3
Fighting       | 3 |  3.2
Evocations     | 1 |  1.0
Dodging        | 3 |  3.0

Action                   |  1- 3 |  4- 6 || total
-------------------------+-------+-------++-------
Melee: War axe           |   103 |   150 ||   253
  Use: Potion            |     1 |       ||     1
 Stab: Sleeping          |       |     1 ||     1
  Eat: Chunk             |       |     5 ||     5
Armor: Leather armour    |    30 |       ||    30
       Ring mail         |    38 |    25 ||    63
       Scale mail        |       |    88 ||    88
Dodge: Dodged            |    98 |   111 ||   209
